 Dungeon Crawl Stone Soup version 0.21.0-3-g78d12a8bdd (webtiles) character file.

844 Manul the Sneak (level 7, -9/52 HPs)
             Began as a Demonspawn Assassin on Jan 13, 2018.
             Mangled by an ogre
             ... wielding a +0 giant spiked club
              (22 damage)
             ... on level 5 of the Dungeon.
             The game lasted 00:04:12 (3172 turns).

Manul the Sneak (Demonspawn Assassin)               Turns: 3172, Time: 00:04:12

Health: -9/52      AC:  5    Str: 11    XL:     7   Next: 68%
Magic:  16/16      EV: 13    Int: 13    God:
Gold:   282        SH:  0    Dex: 16    Spells: 6/6 levels left

rFire    + . .     SeeInvis .   n - +3 whip (elec)
rCold    + . .     Gourm    +   (no shield)
rNeg     . . .     Faith    .   c - +0 robe
rPois    .         Spirit   .   (no helmet)
rElec    .         Reflect  .   t - scarf {rC+ rF+}
rCorr    .         Harm     .   (no gloves)
MR       .....                  w - +0 pair of boots
Stlth    ++++......             D - amulet of the gourmand
HPRegen  0.17/turn              (no ring)
MPRegen  0.15/turn              B - ring of magical power

@: no status effects
A: molten scales 1, nightstalker 1, rot immunity
a: no special abilities


You were on level 5 of the Dungeon.
You were very hungry.

You visited 1 branch of the dungeon, and saw 5 of its levels.

You collected 282 gold pieces.

Inventory:

Hand Weapons
 a - a +2 dagger
 b - a +0 blowgun
 n - a +3 whip of electrocution (weapon)
 z - a +2 trident of freezing
Missiles
 e - 15 poisoned needles
 f - 2 curare-tipped needles
Armour
 c - a +0 robe (worn)
 d - a +0 cloak
 t - a scarf of resistance (worn)
 w - a +0 pair of boots (worn)
Jewellery
 v - an uncursed ring of wizardry
 B - a ring of magical power (right hand)
 D - an amulet of the gourmand (around neck)
Scrolls
 i - 2 scrolls of teleportation
 l - a scroll of amnesia
 o - a scroll of remove curse
 r - a scroll of enchant weapon
 u - 3 scrolls of blinking
 y - 6 scrolls of identify
Potions
 h - 2 potions of ambrosia {unknown}
 j - 2 potions of curing
 k - a potion of might {unknown}
 m - 2 potions of agility
 p - a potion of cancellation {unknown}
 A - a potion of haste
Books
 q - a book of Cantrips

   Spells                             Type                      Level
   a - Confusing Touch                Hexes                        1
   b - Animate Skeleton               Necromancy                   1
   c - Summon Small Mammal            Summoning                    1
   d - Apportation                    Translocation                1
 C - a book of Misfortune

   Spells                             Type                      Level
   a - Confusing Touch                Hexes                        1
   b - Confuse                        Hexes                        3
   c - Gell's Gravitas                Translocation                3
   d - Petrify                        Transmutation/Earth          4
   e - Metabolic Englaciation         Hexes/Ice                    5
   f - Yara's Violent Unravelling     Hexes/Transmutation          5
Comestibles
 g - 8 rations


   Skills:
 + Level 3.5 Fighting
 + Level 2.2 Short Blades
 + Level 4.6 Maces & Flails
 + Level 1.8 Throwing
 + Level 2.5 Dodging
 + Level 6.3 Stealth


You had 6 spell levels left.
You didn't know any spells.

Dungeon Overview and Level Annotations

Branches:
Dungeon (5/15)
 Temple: D:4-7

Altars:
Sif Muna
Uskayaw


Innate Abilities, Weirdness & Mutations

You are partially covered in molten scales. (AC +2)
You are slightly more attuned to the shadows.
You are immune to rotting.


Message History

You see here 2 arrows.
Okay, then.
You feel better.
The centaur zaps a wand.
The puff of flame hits you! You resist.
* * * LOW HITPOINT WARNING * * *
It is a wand of flame (28).
An adder comes into view.
The centaur unwields an uncursed shortbow.
The centaur barely misses you.
You see here an arrow.
The adder hisses angrily.
You hit the centaur. Lightning courses through the centaur!
The centaur is almost dead.
The centaur hits you.
* * * LOW HITPOINT WARNING * * *
The centaur zaps a wand.
The puff of flame hits you!
You hit the centaur. Lightning courses through the centaur!
You kill the centaur!
The ogre hits you with a giant spiked club!!
You die...

#.# #.# ...># #.#.#
#.#.# .####.#.#
......#.#
...S..#O#####
.....)@^....#
....?##.###.#
.........##.#
.........##.# ######
##.###...##)# #....#
.o #...)..# #.##.#
.#.##..########.##.#
................##.#
.##.#.o###########.#


You could see an ogre and an adder.

Vanquished Creatures
  An ice beast (D:5)
  A phantom (D:5)
  An ogre (D:4)
  A centaur (D:5)
  4 scorpions
  A hound (D:5)
  2 orc priests
  A centaur skeleton (D:4)
  A bullfrog skeleton (D:4)
  6 adders
  A shadow imp (D:5)
  An ooze (D:3)
  2 worms (D:2)
  4 dart slugs
  5 leopard geckos
  9 orcs
  A giant cockroach (D:5)
  5 goblins
  6 hobgoblins
  9 kobolds
  A quokka (D:3)
  3 ball pythons
  11 bats
  4 frilled lizards
  9 rats
90 creatures vanquished.

Notes
Turn   | Place    | Note
-------+----------+-------------------------------------------
     0 | D:1      | Manul the Demonspawn Assassin began the quest for the Orb.
     0 | D:1      | Reached XP level 1. HP: 16/16 MP: 1/1
     2 | D:1      | Noticed a dwarf
     2 | D:1      | Noticed an elf
     4 | D:1      | Noticed a draconian
     4 | D:1      | Noticed a demigod
     6 | D:1      | Noticed a vine stalker
     6 | D:1      | Noticed a demonspawn
     8 | D:1      | Noticed an octopode
    10 | D:1      | Noticed a halfling
    12 | D:1      | Noticed a minotaur
    14 | D:1      | Noticed a naga
    14 | D:1      | Noticed a human
    16 | D:1      | Noticed a merfolk
    16 | D:1      | Noticed a troll
    18 | D:1      | Noticed a ghoul
    20 | D:1      | Noticed a tengu
    20 | D:1      | Noticed a vampire
    22 | D:1      | Noticed a felid
    22 | D:1      | Noticed a centaur
    24 | D:1      | Noticed an ogre
    24 | D:1      | Noticed a gargoyle
    26 | D:1      | Noticed a spriggan
    26 | D:1      | Noticed a formicid
   269 | D:1      | Reached skill level 4 in Stealth
   287 | D:1      | Gained mutation: You are partially covered in molten scales. (AC +2) [demonic ancestry]
   287 | D:1      | Reached XP level 2. HP: 16/22 MP: 2/2
   970 | D:2      | Gained mutation: You are slightly more attuned to the shadows. [demonic ancestry]
   970 | D:2      | Reached XP level 3. HP: 26/27 MP: 3/3
   978 | D:2      | Reached skill level 1 in Dodging
  1276 | D:2      | Reached skill level 1 in Maces & Flails
  1526 | D:3      | Gained mutation: You are immune to rotting. [demonic ancestry]
  1526 | D:3      | Reached XP level 4. HP: 33/33 MP: 4/4
  1858 | D:3      | Noticed a dagger
  1859 | D:3      | Noticed a hand axe
  1875 | D:3      | Reached skill level 5 in Stealth
  1875 | D:3      | Reached XP level 5. HP: 19/39 MP: 5/5
  2120 | D:3      | Found a hide-covered altar of Uskayaw.
  2387 | D:4      | Noticed an ogre
  2394 | D:4      | Killed an ogre
  2394 | D:4      | Reached XP level 6. HP: 35/46 MP: 6/6
  2502 | D:4      | Found a deep blue altar of Sif Muna.
  2951 | D:5      | Entered Level 5 of the Dungeon
  2955 | D:5      | Noticed an ice beast
  2962 | D:5      | Killed an ice beast
  2962 | D:5      | Reached skill level 6 in Stealth
  2962 | D:5      | Reached XP level 7. HP: 52/52 MP: 7/7
  3172 | D:5      | Mangled by an ogre

Skill      XL: |  1  2  3  4  5  6  7 |
---------------+----------------------+-----
Stealth        | 4 5 6 |  6.3
Short Blades   | 2 |  2.2
Dodging        | 1 2 |  2.5
Maces & Flails | 1 2 3 4 |  4.6
Fighting       | 3 |  3.5
Throwing       | |  1.8

Action                   |  1- 3 |  4- 6 |  7- 9 || total
-------------------------+-------+-------+-------++-------
Melee: Dagger            |    34 |       |       ||    34
       Whip              |    82 |    97 |    45 ||   224
  Use: Scroll            |       |     8 |       ||     8
       Potion            |       |       |     6 ||     6
 Stab: Sleeping          |    14 |    13 |     1 ||    28
  Eat: Chunk             |     2 |     6 |       ||     8
Armor: Robe              |    33 |    30 |    16 ||    79
Dodge: Dodged            |    76 |    66 |    41 ||   183
